 Dungeon Crawl Stone Soup version 0.21-a0-349-g0c35859 (webtiles) character file.

34822 vishdafish the Basher (level 13, -4/130 HPs)
             Began as a Troll Necromancer on Oct 7, 2017.
             Was an Elder of Nemelex Xobeh.
             Slain by an eight-headed hydra (6 damage)
             ... on level 1 of the Lair of Beasts.
             The game lasted 00:52:40 (14395 turns).

vishdafish the Basher (Troll Necromancer)          Turns: 14395, Time: 00:52:41

Health: -4/130     AC:  9    Str: 19    XL:     13   Next: 44%
Magic:  0/16       EV: 12    Int: 15    God:    Nemelex Xobeh [****..]
Gold:   911        SH:  0    Dex: 12    Spells: 6/18 levels left

rFire    + . .     SeeInvis +   O - +1 great mace (drain)
rCold    . . .     Gourm    +   (shield currently unavailable)
rNeg     . . .     Faith    .   Y - +2 robe of Ennui {rF+ Regen+ Dex+2}
rPois    .         Spirit   +   (helmet restricted)
rElec    .         Reflect  .   D - +1 cloak {+Inv}
rCorr    .         Harm     .   (gloves unavailable)
MR       +....                  (boots unavailable)
Stlth    ++........             v - amulet of guardian spirit
HPRegen  1.11/turn              r - +5 ring of slaying
MPRegen  0.15/turn              g - ring of see invisible

@: no status effects
A: unfitting armour, claws 3, fast metabolism 3, gourmand, magic resistance 1,
regeneration 1, shaggy fur 1, tough skin 2, wild magic 1, MP-powered wands
a: Triple Draw, Deal Four, Renounce Religion, Evoke Invisibility


You were on level 1 of the Lair of Beasts.
You worshipped Nemelex Xobeh.
Nemelex Xobeh was greatly pleased with you.
You were very full.

You visited 2 branches of the dungeon, and saw 16 of its levels.
You also visited: Labyrinth, Sewer and Ice Cave.

You collected 939 gold pieces.
You spent 28 gold pieces at shops.

Inventory:

Hand Weapons
 O - a +1 great mace of draining (weapon)
Missiles
 H - 6 large rocks (quivered)
Armour
 D - a +1 cloak of invisibility (worn)
 K - a +0 shield of protection
 Y - the +2 robe of Ennui (worn) {rF+ Regen+ Dex+2}
   (You took it off a kobold on level 12 of the Dungeon)

   It affects your dexterity (+2).
   It protects you from fire.
   It increases your rate of regeneration.
Jewellery
 g - a ring of see invisible (right claw)
 r - a +5 ring of slaying (left claw)
 v - an amulet of guardian spirit (around neck)
 A - an uncursed ring of protection from cold
 T - an uncursed ring of resist corrosion
 U - a +4 ring of dexterity
Wands
 y - a wand of lightning (6/15)
 z - a wand of iceblast (6/15)
 S - a wand of paralysis (15/24)
Scrolls
 b - a scroll of enchant weapon {unknown}
 e - 3 scrolls of teleportation
 f - 7 scrolls of remove curse
 i - 5 scrolls of magic mapping
 q - 3 scrolls of immolation {unknown}
 t - a scroll of fear {unknown}
 w - a scroll of holy word {unknown}
 x - 3 scrolls of amnesia
 F - 6 scrolls of recharging {unknown}
 G - 2 scrolls of fog
 J - 2 scrolls of enchant armour {unknown}
 Q - a scroll of silence {unknown}
Potions
 a - 7 potions of curing
 h - a potion of agility
 j - 3 potions of resistance
 l - 7 potions of heal wounds
 m - 6 potions of flight
 n - 6 potions of might
 s - 3 potions of brilliance
 C - 5 potions of lignification
 I - a potion of cancellation {unknown}
Books
 d - a book of Changes

   Spells                             Type                      Level
   a - Beastly Appendage              Transmutation                1
   b - Sticks to Snakes               Transmutation                2
   c - Spider Form                    Transmutation/Poison         3
   d - Ice Form                       Ice/Transmutation            4
   e - Blade Hands                    Transmutation                5
 u - a book of Cantrips

   Spells                             Type                      Level
   a - Confusing Touch                Hexes                        1
   b - Animate Skeleton               Necromancy                   1
   c - Summon Small Mammal            Summoning                    1
   d - Apportation                    Translocation                1
 E - the Volume of Flying Conjuration
   (You found it on level 8 of the Dungeon)

   Spells                             Type                      Level
   a - Searing Ray                    Conjuration                  2
   b - Iskenderun's Mystic Blast      Conjuration                  4
   c - Irradiate                      Conjuration/Transmutation    5
   d - Tornado                        Air                          9
 W - a book of Burglary

   Spells                             Type                      Level
   a - Swiftness                      Charms/Air                   2
   b - Passwall                       Transmutation/Earth          2
   c - Passage of Golubria            Translocation                4
   d - Lee's Rapid Deconstruction     Earth                        5
   e - Darkness                       Hexes                        6
   f - Invisibility                   Hexes                        6
 X - the Reference Book on Stones
   (You found it in a labyrinth)

   Spells                             Type                      Level
   a - Passwall                       Transmutation/Earth          2
   b - Petrify                        Transmutation/Earth          4
   c - Iron Shot                      Conjuration/Earth            6
   d - Statue Form                    Transmutation/Earth          6
Miscellaneous
 B - a legendary deck of summoning
 L - a plain deck of escape {drawn: 4}
 P - a legendary deck of summoning
 R - a plain deck of destruction {drawn: 3}
 V - a plain deck of destruction {drawn: 2}
 Z - a plain deck of destruction
Comestibles
 c - 9 bread rations
 k - 2 meat rations
 o - 5 royal jellies
 p - 8 fruits


   Skills:
 + Level 8.8 Fighting
 - Level 9.9 Maces & Flails
 * Level 2.0 Throwing
 - Level 6.6 Armour
 - Level 6.1 Dodging
 - Level 1.0 Stealth
 * Level 0.4 Shields
 * Level 9.6 Unarmed Combat
 - Level 3.1 Spellcasting
 - Level 7.4 Necromancy
 - Level 5.0 Invocations


You had 6 spell levels left.
You knew the following spells:

 Your Spells              Type           Power        Failure   Level  Hunger
a - Pain                  Necr           ####         1%          1    #......
b - Control Undead        Necr           ####......   14%         4    #####..
c - Animate Dead          Necr           N/A          14%         4    #####..
d - Regeneration          Chrm/Necr      ###.......   19%         3    ###....


Dungeon Overview and Level Annotations

Branches:
Dungeon (15/15)            Temple (0/1) D:7            Lair (1/6) D:9
    Orc (0/2) D:10         Vaults (0/5) D:13         Depths (0/5) D:15

Altars:
Dithmenos
Fedhas
Gozag
Kikubaaqudgha
Makhleb
Nemelex Xobeh
Okawaru
Ru
Uskayaw
Xom
Zin
The Shining One

Shops:
D:11 *

Annotations:
D:14 Azrael


Innate Abilities, Weirdness & Mutations

You are too large for most types of armour.
You have claws for hands.
Your metabolism is lightning-fast.
You like to eat raw meat.
Your natural rate of healing is unusually fast.
You are covered in fur. (AC +1)
You have very tough skin. (AC +2)
You are resistant to hostile enchantments. (MR+)
Your spells are a little harder to cast, but a little more powerful.
You expend magic power (3 MP) to strengthen your wands.


Message History

* * * LOW HITPOINT WARNING * * *
The eight-headed hydra closely misses you.
The eight-headed hydra bites you but does no damage.
You barely miss the eight-headed hydra.
The eight-headed hydra is almost dead.
The eight-headed hydra bites you.
* * * LOW HITPOINT WARNING * * *
The eight-headed hydra bites you.
* * * LOW HITPOINT WARNING * * *
The eight-headed hydra bites you.
* * * LOW HITPOINT WARNING * * *
The eight-headed hydra bites you but does no damage.
The eight-headed hydra bites you!
* * * LOW HITPOINT WARNING * * *
The eight-headed hydra closely misses you.
The eight-headed hydra bites you!
* * * LOW HITPOINT WARNING * * *
The eight-headed hydra bites you.
You die...
Your body glows with a rainbow of weird colours and disappears.

#P.# ##.#
#.# #.# #.#
#.# .
#.#####...
#.D.......
#.@.......
#.####..##.
## ##


You could see an eight-headed hydra.

Vanquished Creatures
  A fire dragon (D:11)
  An ogre mage (D:13)
  An ice dragon (D:15)
  3 two-headed ogres
  A centaur warrior (D:13)
  2 unseen horrors
  A fire crab (shapeshifter) (D:15)
  A necromancer (IceCv)
  A deep elf mage (D:11)
  A mana viper (shapeshifter) (D:13)
  An ugly thing (D:11)
  3 cyclopes (D:15)
  A manticore (D:13)
  Maurice (D:8)
  Psyche (D:10)
  A spiny frog (shapeshifter) (D:15)
  A gargoyle (D:10)
  3 ice statues (IceCv)
  A rime drake (Lair:1)
  A spiny frog (Lair:1)
  A kobold demonologist (D:10)
  10 ice devils (IceCv)
  4 trolls
  3 blink frogs (Lair:1)
  2 slime creatures (D:13)
  7 hippogriffs
  2 wraiths
  11 yaks
  A spriggan (D:9)
  2 water elementals (D:14)
  3 vampire mosquitoes (D:15)
  2 water moccasins
  A porcupine (Lair:1)
  2 ice beasts
  4 orc warriors
  A meliai simulacrum (D:14)
  A phantom (D:5)
  The ghost of vishdafish the Chucker, an amateur TrHu (D:3)
  2 black bears
  6 sky beasts
  An eye of draining (D:12)
  8 ogres
  10 centaurs
  2 crocodiles
  26 big kobolds
  Blork the orc (D:6)
  6 bullfrogs
  3 gnoll sergeants
  2 wyvern skeletons
  5 scorpions
  A water moccasin skeleton (D:11)
  7 killer bees
  19 wights
  3 electric eels (D:14)
  3 centaur zombies
  4 crimson imps
  A bullfrog zombie (D:5)
  A draconian simulacrum (IceCv)
  8 hounds
  2 jellies
  A quasit (D:10)
  A bullfrog skeleton (D:9)
  6 orc priests
  4 centaur skeletons
  An iron imp (D:5)
  13 orc wizards
  3 iguanas
  A troll simulacrum (IceCv)
  6 worker ants
  2 centaur simulacra (IceCv)
  A howler monkey zombie (D:8)
  2 worker ant zombies (D:10)
  10 gnolls
  A howler monkey skeleton (D:9)
  5 ogre simulacra (IceCv)
  7 river rats (Sewer)
  11 adders
  A naga simulacrum (IceCv)
  3 shadow imps
  12 white imps (D:14)
  2 oozes
  2 adder skeletons
  3 worms
  3 leopard geckos
  44 orcs
  10 ball pythons
  10 bats
  3 giant cockroaches
  6 hobgoblins
  14 jackals
  34 kobolds
  3 quokkas (D:2)
  8 frilled lizards
  10 goblins
  2 goblin zombies (D:5)
  2 hobgoblin zombies (D:5)
  4 kobold zombies (D:5)
  A leopard gecko zombie (D:5)
  2 orc skeletons (D:5)
  20 rats
480 creatures vanquished.

Vanquished Creatures (collateral kills)
  Rupert (D:12)
  A minotaur (Lab)
  A fire dragon (D:15)
  A rakshasa (D:15)
  4 two-headed ogres
  A redback (D:15)
  A shadow (D:15)
  A yak (Lair:1)
  An orc warrior (D:11)
  An ice beast (D:15)
  A big kobold (D:12)
  A scorpion (D:15)
  A killer bee (D:11)
  An orc wizard (D:9)
  A worker ant (D:9)
  An orc (D:9)
  2 kobolds (D:12)
21 creatures vanquished.

Vanquished Creatures (others)
  2 ball lightnings
  2 fungi (D:9)
  A plant (D:9)
5 creatures vanquished.

Grand Total: 506 creatures vanquished

Notes
Turn   | Place    | Note
-------+----------+-------------------------------------------
     0 | D:1      | vishdafish the Troll Necromancer began the quest for the Orb.
     0 | D:1      | Reached XP level 1. HP: 16/16 MP: 1/1
   201 | D:1      | Reached XP level 2. HP: 24/26 MP: 2/2
   713 | D:1      | Reached skill level 1 in Unarmed Combat
   912 | D:2      | Reached XP level 3. HP: 32/32 MP: 3/3
   955 | D:2      | Reached skill level 1 in Fighting
  1422 | D:3      | Noticed vishdafish's ghost (amateur TrHu)
  1606 | D:2      | Reached XP level 4. HP: 15/41 MP: 4/4
  1677 | D:3      | Killed vishdafish's ghost
  1677 | D:3      | Reached XP level 5. HP: 24/49 MP: 5/5
  1679 | D:3      | Found a glowing drain.
  1723 | Sewer    | Entered a sewer
  1898 | Sewer    | Reached XP level 6. HP: 44/57 MP: 6/6
  2736 | D:3      | Reached XP level 7. HP: 34/66 MP: 8/8
  3011 | D:3      | Found an ancient bone altar of Kikubaaqudgha.
  3012 | D:3      | Found an iron altar of Okawaru.
  3869 | D:5      | Entered Level 5 of the Dungeon
  3943 | D:5      | Reached skill level 5 in Unarmed Combat
  3943 | D:5      | Reached XP level 8. HP: 25/75 MP: 3/10
  4089 | D:5      | Found a glowing golden altar of the Shining One.
  4271 | D:5      | Found an opulent altar of Gozag.
  4478 | D:6      | Noticed Blork the orc
  4479 | D:6      | Found a sparkling altar of Nemelex Xobeh.
  4488 | D:6      | Killed Blork the orc
  4521 | D:6      | Became a worshipper of Nemelex Xobeh the Trickster
  4604 | D:6      | Received a gift from Nemelex Xobeh
  5205 | D:7      | Found a shimmering altar of Xom.
  5215 | D:7      | Found a shimmering altar of Xom.
  5215 | D:7      | Found a shimmering altar of Xom.
  5215 | D:7      | Found a shimmering altar of Xom.
  5216 | D:7      | Found a shimmering altar of Xom.
  5305 | D:7      | Found a staircase to the Ecumenical Temple.
  5627 | D:8      | Noticed a hippogriff
  5720 | D:7      | Reached XP level 9. HP: 33/85 MP: 4/12
  5902 | D:8      | Found a sacrificial altar of Ru.
  5933 | D:8      | Noticed Maurice
  5953 | D:8      | Paralysed by Maurice for 3 turns
  5959 | D:8      | Killed Maurice
  5959 | D:8      | Reached skill level 5 in Dodging
  5974 | D:8      | Identified the Volume of Flying Conjuration
  6129 | D:8      | Gained mutation: You are frail. (-10% HP) [mutagenic meat]
  6130 | D:8      | Gained mutation: You are weak. (Str -2) [mutagenic meat]
  6131 | D:8      | Gained mutation: You are very frail. (-20% HP) [mutagenic meat]
  6132 | D:8      | Gained mutation: Your spells are a little harder to cast, but a little more powerful. [mutagenic meat]
  6133 | D:8      | Gained mutation: You are partially covered in yellow scales. (AC +2) [mutagenic meat]
  6242 | D:8      | Noticed a two-headed ogre
  6256 | D:8      | Killed a two-headed ogre
  6256 | D:8      | Reached skill level 5 in Fighting
  6342 | D:8      | Found a hide-covered altar of Uskayaw.
  6343 | D:8      | Noticed a hand axe
  6343 | D:8      | Noticed a hand axe
  6406 | D:8      | Noticed a two-headed ogre
  6418 | D:8      | Killed a two-headed ogre
  6516 | D:9      | Reached XP level 10. HP: 75/76 MP: 13/13
  6633 | D:9      | Reached skill level 1 in Maces & Flails
  6707 | D:9      | Found a staircase to the Lair.
  6734 | D:9      | Reached * piety under Nemelex Xobeh
  6994 | D:9      | Found a sparkling altar of Nemelex Xobeh.
  7201 | D:9      | Noticed a two-headed ogre
  7209 | D:9      | Killed a two-headed ogre
  7291 | D:9      | Gained mutation: You are dopey. (Int -2) [mutagenic meat]
  7292 | D:9      | Gained mutation: You expend magic power (3 MP) to strengthen your wands. [mutagenic meat]
  7293 | D:9      | Lost mutation: You are weak. (Str -2) [mutagenic meat]
  7294 | D:9      | Gained mutation: You are surrounded by a mild repulsion field. (EV +2) [mutagenic meat]
  7296 | D:9      | Gained mutation: You tend to lose your temper in combat. [mutagenic meat]
  7385 | D:9      | Reached skill level 5 in Invocations
  7511 | D:10     | Entered Level 10 of the Dungeon
  7559 | D:10     | Received a gift from Nemelex Xobeh
  7592 | D:10     | Found a staircase to the Orcish Mines.
  7597 | D:10     | Reached skill level 1 in Armour
  7789 | D:10     | Reached XP level 11. HP: 84/84 MP: 14/14
  7798 | D:10     | Reached skill level 5 in Maces & Flails
  8111 | D:10     | Noticed Psyche
  8147 | D:10     | Killed Psyche
  8509 | D:11     | Noticed a two-headed ogre
  8521 | D:11     | Killed a two-headed ogre
  8576 | D:11     | Reached ** piety under Nemelex Xobeh
  8591 | D:11     | Found Xuuvae's General Store.
  8595 | D:11     | Noticed a deep elf mage
  8653 | D:11     | Noticed a two-headed ogre
  8667 | D:11     | Killed a two-headed ogre
  8667 | D:11     | Reached skill level 5 in Armour
  8707 | D:11     | Killed a deep elf mage
  8710 | D:11     | Bought a scroll of fog for 28 gold pieces
  8729 | D:11     | Received a gift from Nemelex Xobeh
  8748 | D:11     | Found a glowing silver altar of Zin.
  8827 | D:11     | Noticed an unseen horror
  8838 | D:11     | Killed an unseen horror
  9020 | D:11     | Found a labyrinth entrance.
  9029 | Lab      | Entered a labyrinth
  9148 | Lab      | Noticed a minotaur
  9152 | Lab      | Killed a minotaur
  9188 | Lab      | Identified the Reference Book on Stones
  9394 | D:11     | Noticed a purple ugly thing
  9409 | D:11     | Killed a purple ugly thing
  9491 | D:11     | Received a gift from Nemelex Xobeh
  9519 | D:11     | Noticed a fire dragon
  9545 | D:11     | Killed a fire dragon
  9545 | D:11     | Reached XP level 12. HP: 27/94 MP: 4/15
  9805 | D:12     | Noticed Rupert
  9834 | D:12     | Killed Rupert
  9890 | D:12     | Found a shadowy altar of Dithmenos.
  9986 | D:12     | Got a dull robe
  9997 | D:12     | Identified the +2 robe of Ennui {rF+ Regen+ Dex+2} (You took it off a kobold on level 12 of the Dungeon)
 10057 | D:12     | Reached *** piety under Nemelex Xobeh
 10095 | D:12     | Received a gift from Nemelex Xobeh
 10846 | D:13     | Noticed a centaur warrior
 10852 | D:13     | Killed a centaur warrior
 10852 | D:13     | Reached skill level 5 in Necromancy
 10930 | D:13     | Found a burning altar of Makhleb.
 10932 | D:13     | Noticed a blizzard demon
 10962 | D:13     | Noticed a two-headed ogre
 10962 | D:13     | a redback changed into a two-headed ogre
 10964 | D:13     | a two-headed ogre changed into a mana viper
 10976 | D:13     | Lost mutation: You are very frail. (-20% HP) [mutagenic meat]
 10982 | D:13     | Received a gift from Nemelex Xobeh
 10985 | D:13     | Noticed a two-headed ogre
 10988 | D:13     | Noticed an ogre mage
 10988 | D:13     | Noticed a two-headed ogre
 10996 | D:13     | Killed a two-headed ogre
 11001 | D:13     | Killed a two-headed ogre
 11007 | D:13     | Killed an ogre mage
 11120 | D:13     | Found a gate to the Vaults.
 11196 | D:13     | You fall through a shaft for 2 floors!
 11196 | D:15     | Entered Level 15 of the Dungeon
 11267 | D:15     | Found a blossoming altar of Fedhas.
 11329 | D:14     | Found a frozen archway.
 11364 | IceCv    | Entered an ice cave
 11567 | IceCv    | Received a gift from Nemelex Xobeh
 11839 | IceCv    | Reached XP level 13. HP: 94/115 MP: 10/16
 12041 | D:14     | Reached **** piety under Nemelex Xobeh
 12253 | D:14     | Noticed Azrael
 12258 | D:14     | You fall through a shaft!
 12563 | D:15     | Lost mutation: You are frail. (-10% HP) [mutagenic meat]
 12564 | D:15     | Lost mutation: You are surrounded by a mild repulsion field. (EV +2) [mutagenic meat]
 12565 | D:15     | Gained mutation: You are resistant to hostile enchantments. (MR+) [mutagenic meat]
 12566 | D:15     | Lost mutation: You are dopey. (Int -2) [mutagenic meat]
 12662 | D:15     | Noticed a fire dragon
 12690 | D:15     | Killed a fire dragon
 12752 | D:15     | Found a staircase to the Depths.
 13063 | D:15     | Lost mutation: You are partially covered in yellow scales. (AC +2) [mutagenic meat]
 13064 | D:15     | Lost mutation: You tend to lose your temper in combat. [mutagenic meat]
 13121 | D:15     | HP: 3/128 [card of wild magic (28)]
 13465 | D:15     | Received a gift from Nemelex Xobeh
 13778 | Lair:1   | Entered Level 1 of the Lair of Beasts
 13891 | Lair:1   | Reached skill level 1 in Throwing
 13994 | Lair:1   | Received a gift from Nemelex Xobeh
 14033 | Lair:1   | Learned a level 4 spell: Control Undead
 14038 | Lair:1   | Learned a level 4 spell: Animate Dead
 14042 | Lair:1   | Learned a level 3 spell: Regeneration
 14395 | Lair:1   | HP: 2/130 [eight-headed hydra (14)]
 14395 | Lair:1   | Slain by an eight-headed hydra

Vault maps used:
D:1:      saegor_arrival_simple_f, serial_bayou_crossing
D:3:      gammafunk_temple_overflow_statue, portal_sewer_entry_a
D:5:      lemuel_round_altar, first_bread, nicolae_tso_besieged_by_evil
D:6:      basic_altar, uniq_blork_the_orc
D:7:      temple_doors_cd, xom_redecorated
D:8:      dancing_weapons_uskayaw, nicolae_ru_great_annihilating_truth,
          uniq_maurice
D:9:      lemuel_crystal_altar, dpeg_oklobed_lair, the_bakery
D:10:     kennysheep_orc_monster_closet_entryway, uniq_psyche
D:11:     dragon1_lemuel, basic_altar, serial_shops, shop, lab_entry_generic,
          nrook_mini_backslash
D:12:     grunt_dithmenos_smoke, uniq_rupert
D:13:     david_vaults_2, makhleb_altar_promises_db
D:14:     portal_ice_cave_entry_imps, uniq_azrael
D:15:     grunt_enter_depths_hoard, fedhas_altar_1, interstate_on_off,
          wad_rectangle_vault
Lair:1:   roderic_batcave, grunt_megastairs_2
Lab:      nicolae_lab_dead_adventurers, labyrinth_skeletal_remains
Sewer:    sewer_minmay_treatment
IceCv:    ice_cave_tombish

Skill      XL: |  1  2  3  4  5  6  7  8  9 10 11 12 13 |
---------------+----------------------------------------+-----
Unarmed Combat | 1 2 3 5 6 8 9 |  9.6
Fighting       | 1 2 3 4 5 6 7 8 |  8.8
Dodging        | 2 3 4 5 6 |  6.1
Necromancy     | 4 6 7 |  7.4
Spellcasting   | 2 3 |  3.1
Invocations    | 3 5 |  5.0
Maces & Flails | 4 7 9 |  9.9
Armour         | 2 5 6 |  6.6
Throwing       | 2 |  2.0
Stealth        | |  1.0
Shields        | |  0.4

Action                   |  1- 3 |  4- 6 |  7- 9 | 10-12 | 13-15 || total
-------------------------+-------+-------+-------+-------+-------++-------
Melee: Unarmed           |   180 |   256 |   361 |   923 |   155 ||  1875
       Punch             |       |     7 |    11 |    36 |     4 ||    58
       Great mace        |       |       |       |       |    21 ||    21
Evoke: Wand              |       |       |     2 |    23 |     5 ||    30
       Deck              |       |       |     3 |    15 |    17 ||    35
  Use: Scroll            |     2 |       |     9 |     7 |     1 ||    19
       Potion            |       |     1 |     3 |     3 |     1 ||     8
 Stab: Sleeping          |     1 |       |     2 |     6 |       ||     9
       Paralysed         |       |       |     4 |     7 |       ||    11
       Distracted        |       |       |     1 |       |     1 ||     2
       Confused          |       |       |       |     6 |       ||     6
       Petrifying        |       |       |       |       |     1 ||     1
  Eat: Chunk             |    20 |     2 |    49 |    46 |    31 ||   148
       Bread ration      |       |       |       |     1 |     1 ||     2
Armor: Robe              |    97 |   120 |    95 |   102 |    79 ||   493
       Troll leather arm |       |       |       |   187 |       ||   187
Dodge: Dodged            |   135 |   200 |   201 |   488 |   124 ||  1148
Block: Shield            |       |       |       |       |    38 ||    38

Table legend:
 A = Spawn XP
 B = Non-spawn XP
 C = Spawn XP percentage of total XP
 D = Spawn monster count
 E = Non-spawn monster count
 F = Spawn count percentage of total count
 G = Total turns spent on level
                    A         B        C        D         E        F      G
               +---------+---------+-------+---------+---------+-------+---------
         Total |       0 |   49746 |   0.0 |       0 |     501 |   0.0 | 14395
               +---------+---------+-------+---------+---------+-------+---------
           D:1 |       0 |      28 |   0.0 |       0 |      17 |   0.0 |   786
           D:2 |       0 |     159 |   0.0 |       0 |      36 |   0.0 |  1120
           D:3 |       0 |     322 |   0.0 |       0 |      21 |   0.0 |   781
           D:4 |       0 |     281 |   0.0 |       0 |      15 |   0.0 |   618
           D:5 |       0 |     557 |   0.0 |       0 |      22 |   0.0 |   588
           D:6 |       0 |     369 |   0.0 |       0 |      16 |   0.0 |   519
           D:7 |       0 |     900 |   0.0 |       0 |      14 |   0.0 |   865
           D:8 |       0 |    2561 |   0.0 |       0 |      18 |   0.0 |   670
           D:9 |       0 |    3383 |   0.0 |       0 |      42 |   0.0 |  1034
          D:10 |       0 |    7090 |   0.0 |       0 |      69 |   0.0 |  1008
          D:11 |       0 |    5788 |   0.0 |       0 |      49 |   0.0 |  1075
          D:12 |       0 |    3688 |   0.0 |       0 |      31 |   0.0 |   815
          D:13 |       0 |    6241 |   0.0 |       0 |      17 |   0.0 |   716
          D:14 |       0 |    1111 |   0.0 |       0 |      20 |   0.0 |   307
          D:15 |       0 |    7228 |   0.0 |       0 |      25 |   0.0 |  1448
        Lair:1 |       0 |    3452 |   0.0 |       0 |      16 |   0.0 |   617
           Lab |       0 |     619 |   0.0 |       0 |       1 |   0.0 |   196
         Sewer |       0 |     346 |   0.0 |       0 |      48 |   0.0 |   564
         IceCv |       0 |    5623 |   0.0 |       0 |      24 |   0.0 |   668
               +---------+---------+-------+---------+---------+-------+---------
